 Dungeon Sprint DCSS version 0.24-a0-244-ga6a6ab7 (webtiles) character file.

Game seed: 11219633687720825385

18643 MikeHunt the Eclecticist (level 12, -11/110 HPs)
             Began as a Red Draconian Conjurer on Apr 12, 2019.
             Was the Champion of Vehumet.
             Mangled by Rupert
             ... wielding a +0 great mace of holy wrath
              (33 damage)
             ... in the Dungeon (Sprint III: "The Ten Rune Challenge").
             The game lasted 00:33:48 (4265 turns).

MikeHunt the Eclecticist (Red Draconian Conjurer)   Turns: 4265, Time: 00:33:48

Health: -11/110    AC:  9    Str: 10    XL:     12   Next: 29%
Magic:  6/33       EV: 18    Int: 20    God:    Vehumet [******]
Gold:   4290       SH:  0    Dex: 13    Spells: 2/46 levels left

rFire    + . .     SeeInvis .   i - +2 long sword (holy)
rCold    . . .     Gourm    .   (no shield)
rNeg     . . .     Faith    .   (armour unavailable)
rPois    .         Spirit   .   (helmet restricted)
rElec    .         Reflect  .   q - +0 cloak
rCorr    .         Harm     .   (no gloves)
MR       .....     NoTele   +   (no boots)
Stlth    ++........             (no amulet)
HPRegen  0.28/turn              (no ring)
MPRegen  0.23/turn              (no ring)

@: very slightly contaminated
A: breathe fire, unfitting armour, fire resistance 1, cold-blooded, AC +8
a: Breathe Fire, Renounce Religion


You were in the Dungeon.
You worshipped Vehumet.
Vehumet was exalted by your worship.
You were not hungry.

You visited 1 branch You collected 4339 gold pieces.
You spent 49 gold pieces at shops.

Inventory:

Hand Weapons
 i - a +2 long sword of holy wrath (weapon)
 p - a +5 eveningstar of pain
Missiles
 j - 23 stones (quivered)
Armour
 q - a +0 cloak (worn)
Wands
 g - a wand of iceblast (8)
Scrolls
 a - 4 scrolls of remove curse
 l - a scroll of torment {unknown}
 m - 2 scrolls of identify {unknown}
 o - a scroll of holy word {unknown}
Potions
 c - 3 potions of curing
 d - 3 potions of heal wounds
 e - a potion of haste
 k - 3 potions of mutation {unknown}
 n - 5 potions of flight
 r - 2 potions of ambrosia {unknown}
 s - a potion of lignification {unknown}
Comestibles
 b - 14 rations


   Skills:
 - Level 11.3 Fighting
 - Level 9.9 Dodging
 - Level 1.7 Stealth
 + Level 17.6 Spellcasting
 - Level 12.2 Conjurations
 - Level 3.2 Hexes
 - Level 5.1 Translocations
 - Level 11.7 Fire Magic
 - Level 9.2 Earth Magic
 + Level 5.8 Poison Magic
 - Level 5.8 Evocations


You had 2 spell levels left.
You knew the following spells:

 Your Spells              Type           Power        Failure   Level  Hunger
a - Lee's Rapid Deconstr  Erth           ######....   1%          5    ##.....
b - Magic Dart            Conj           ####         0%          1    None
c - Dazzling Spray        Conj/Hex       #####.       1%          3    None
d - Iskenderun's Mystic   Conj           ######..     1%          4    None
e - Bolt of Fire          Conj/Fire      ######....   1%          6    ####...
f - Fireball              Conj/Fire      ######....   1%          5    ##.....
g - Gell's Gravitas       Tloc           #####.....   1%          3    None
h - Poison Arrow          Conj/Pois      ######....   3%          6    ####...
q - Blink                 Tloc           N/A          1%          2    None
r - Searing Ray           Conj           ######       1%          2    None
s - Conjure Flame         Conj/Fire      ######..     1%          3    None
y - Sticky Flame          Conj/Fire      ######..     1%          4    None

Your spell library contained the following spells:

 Spells                   Type           Power        Failure   Level  Hunger
 Confusing Touch          Hex            ####..       1%          1    None
 Slow                     Hex            ####....     1%          2    None
 Call Imp                 Summ           ###.....     4%          2    None
 Mephitic Cloud           Conj/Pois/Air  #####...     1%          3    None
 Force Lance              Conj/Tloc      ######..     1%          4    None
 Fulminant Prism          Conj/Hex       #####.....   1%          4    None
 Confuse                  Hex            ####....     2%          3    None
 Petrify                  Tmut/Erth      #####...     4%          4    None
 Yara's Violent Unravell  Hex/Tmut       ###.......   12%         5    ##.....
 Metabolic Englaciation   Hex/Ice        ###.......   41%         5    ##.....


Dungeon Overview and Level Annotations

Branches:
Dungeon (1/1)

Altars:
Cheibriados
Dithmenos
Elyvilon
Fedhas
Gozag
Hepliaklqana
Kikubaaqudgha
Makhleb
Nemelex Xobeh
Okawaru
Qazlal
Ru
Sif Muna
Trog
Uskayaw
Vehumet
Wu Jian
Xom
Yredelemnul
Zin
The Shining One
Beogh
Jiyva
Lugonu

Shops:
D [

Annotations:
D Rupert


Innate Abilities, Weirdness & Mutations

You can breathe blasts of fire.
Your fiery red scales are hard. (AC +8)
You cannot fit into any form of body armour.
Your flesh is heat resistant. (rF+)
You are cold-blooded and may be slowed by cold attacks.


Message History

Aiming: Bolt of Fire (safe; 1% risk of failure)
Press: ? - help, Shift-Dir - straight line, f - dire elephant, p - Rupert
Aim: a dire elephant The bolt of fire hits Rupert!!
Rupert is almost dead.
The bolt of fire hits the dire elephant!!
The dire elephant is moderately wounded.
Rupert misses you.
The dire elephant is engulfed in a cloud of scalding steam.
Rupert barely misses you.
Casting: Bolt of Fire (safe; 1% risk of failure)
Confirm with . or Enter, or press ? or * to list all spells.
Aiming: Bolt of Fire (safe; 1% risk of failure)
Press: ? - help, Shift-Dir - straight line, f/p - dire elephant
Aim: a dire elephant (moderately wounded)
The bolt of fire misses Rupert.
The bolt of fire hits the dire elephant!!
The dire elephant is heavily wounded.
Rupert hits you with a +0 great mace of holy wrath!!
You die...

▓.....#..≈≈≈≈♣.♣♣.)
▓####[#..≈≈≈≈≈≈♣..#
▓.....#.≈≈≈≈≈≈....#
▓.....#.≈≈≈≈≈.....#
▓.....#.≈≈≈.......#
▓'#####...........#
▓.................#
▓▓▓▓▓▓▓▓▓▓▓▓▓▓▓▓▓▓▓
▓@@Y'§≈≈§≈.≈.≈♣♣..
▓...#≈≈≈≈≈≈§≈≈♣♣.≈
▓...#≈≈≈≈§§≈≈≈≈'..
▓...#≈≈≈§§§§≈≈♣♣♣♣
▓..(#≈≈≈§.§≈≈≈♣ ♣
▓##'####'######
▓...........
▓#+######### .JJ#


You could see Rupert (berserk) and a dire elephant.

Vanquished Creatures
  Gastronok (D)
  A dire elephant (D)
  Erolcha (D)
  2 hydras (D)
  2 deep elf knights (D)
  Urug (D)
  A death drake (D)
  A spriggan druid (D)
  A lindwurm (D)
  An orc knight (D)
  4 deep elf magi (D)
  An orc sorcerer (D)
  2 elephants (D)
  2 spiny frogs (D)
  A komodo dragon (D)
  A rime drake (D)
  A queen bee (D)
  3 wandering mushrooms (D)
  2 tyrant leeches (D)
  5 blink frogs (D)
  A shadow (D)
  5 redbacks (D)
  2 spriggans (D)
  A spatial vortex (D)
  3 orc warriors (D)
  A swamp drake (D)
  A necrophage (D)
  5 two-headed ogres (D)
  A water elemental (D)
  32 killer bees (D)
  An electric eel (D)
  4 orc priests (D)
  A wizard (D)
  A jelly (D)
  An orc wizard (D)
  Jessica (D)
  A necromancer (D)
  3 humans (D)
  A kobold demonologist (D)
  A wolf (D)
  2 oozes (D)
  8 orcs (D)
111 creatures vanquished.

Vanquished Creatures (others)
  2 draconian scorchers (D)
  6 hellions (D)
  2 yaktaurs (D)
  6 plants (D)
16 creatures vanquished.

Grand Total: 127 creatures vanquished

Notes
Turn   | Place    | Note
-------+----------+-------------------------------------------
     0 | D        | MikeHunt the Draconian Conjurer began the quest for the
                  | Orb.
     0 | D        | Reached XP level 1. HP: 14/14 MP: 3/3
     8 | D        | Reached skill level 3 in Spellcasting
    67 | D        | Reached skill level 4 in Spellcasting
    67 | D        | Reached XP level 2. HP: 20/20 MP: 0/7
    72 | D        | Killed a hellion
   116 | D        | Killed a hellion
   117 | D        | Killed a hellion
   117 | D        | Killed a hellion
   117 | D        | Killed a hellion
   117 | D        | Killed a hellion
   118 | D        | Learned a level 2 spell: Searing Ray
   119 | D        | Noticed Jessica
   125 | D        | Killed Jessica
   125 | D        | Reached skill level 5 in Spellcasting
   125 | D        | Reached skill level 5 in Conjurations
   125 | D        | Reached XP level 3. HP: 10/26 MP: 3/9
   189 | D        | Learned a level 3 spell: Dazzling Spray
   208 | D        | Killed a yaktaur
   238 | D        | Killed a white draconian scorcher
   335 | D        | Killed a white draconian scorcher
   383 | D        | Reached skill level 1 in Hexes
   383 | D        | Reached XP level 4. HP: 33/33 MP: 3/11
   458 | D        | Noticed a water elemental
   477 | D        | Killed a water elemental
   477 | D        | Reached skill level 6 in Spellcasting
   535 | D        | Learned a level 4 spell: Iskenderun's Mystic Blast
   600 | D        | Found a radiant altar of Vehumet.
   600 | D        | Found a deep blue altar of Sif Muna.
   600 | D        | Found an ancient bone altar of Kikubaaqudgha.
   600 | D        | Noticed a wizard
   601 | D        | Killed a wizard
   601 | D        | Reached skill level 7 in Spellcasting
   601 | D        | Reached XP level 5. HP: 38/38 MP: 8/14
   608 | D        | Noticed a neqoxec
   613 | D        | Noticed an orange demon
   617 | D        | Became a worshipper of Vehumet
   713 | D        | Found a basalt altar of Yredelemnul.
   713 | D        | Found a shadowy altar of Dithmenos.
   713 | D        | Found a sacrificial altar of Ru.
   713 | D        | Noticed a necrophage
   715 | D        | Killed a necrophage
   715 | D        | Reached skill level 8 in Spellcasting
   717 | D        | Reached XP level 6. HP: 45/45 MP: 4/17
   810 | D        | Reached * piety under Vehumet
   810 | D        | Offered knowledge of Shock by Vehumet.
   810 | D        | Reached skill level 1 in Evocations
   839 | D        | Found a glowing silver altar of Zin.
   839 | D        | Found a glowing golden altar of the Shining One.
   839 | D        | Found a white marble altar of Elyvilon.
   839 | D        | Noticed a deep elf mage
   842 | D        | Killed a deep elf mage
   842 | D        | Reached skill level 10 in Spellcasting
   842 | D        | Reached skill level 10 in Conjurations
   842 | D        | Reached skill level 5 in Evocations
   842 | D        | Your scales start taking on a fiery red colour.
   842 | D        | Reached XP level 7. HP: 50/50 MP: 7/20
   842 | D        | Gained mutation: Your flesh is heat resistant. (rF+) [Red
                  | Draconian growth]
   853 | D        | Learned a level 2 spell: Blink
   918 | D        | Found a hide-covered altar of Uskayaw.
   918 | D        | Found a roughly hewn altar of Beogh.
   918 | D        | Found an iron altar of Okawaru.
   918 | D        | Found a bloodstained altar of Trog.
   918 | D        | Found an ornate altar of the Wu Jian Council.
   918 | D        | Noticed a human
   918 | D        | Noticed a human
   920 | D        | Killed a human
   922 | D        | Killed a human
   922 | D        | Reached ** piety under Vehumet
  1002 | D        | Noticed a shadow
  1008 | D        | Killed a shadow
  1008 | D        | Offered knowledge of Sting by Vehumet.
  1008 | D        | Reached XP level 8. HP: 50/67 MP: 9/22
  1097 | D        | Reached skill level 5 in Fighting
  1161 | D        | Offered knowledge of Stone Arrow by Vehumet.
  1161 | D        | Reached skill level 5 in Dodging
  1161 | D        | Reached skill level 5 in Translocations
  1183 | D        | Found a blossoming altar of Fedhas.
  1183 | D        | Found a stormy altar of Qazlal.
  1183 | D        | Found a snail-covered altar of Cheibriados.
  1183 | D        | Found a burning altar of Makhleb.
  1183 | D        | Found a shimmering altar of Xom.
  1185 | D        | Found a hazy altar of Hepliaklqana.
  1185 | D        | Found an opulent altar of Gozag.
  1185 | D        | Found a sparkling altar of Nemelex Xobeh.
  1185 | D        | Found a corrupted altar of Lugonu.
  1185 | D        | Found a viscous altar of Jiyva.
  1193 | D        | Reached *** piety under Vehumet
  1273 | D        | Found Paiwn's Armour Shop.
  1274 | D        | Noticed an orc knight
  1295 | D        | Learned a level 3 spell: Gell's Gravitas
  1318 | D        | Offered knowledge of Static Discharge by Vehumet.
  1327 | D        | Reached **** piety under Vehumet
  1462 | D        | Learned a level 3 spell: Conjure Flame
  1469 | D        | Reached ***** piety under Vehumet
  1510 | D        | Offered knowledge of Fireball by Vehumet.
  1510 | D        | Reached skill level 1 in Fire Magic
  1512 | D        | Killed an orc knight
  1512 | D        | Reached XP level 9. HP: 48/82 MP: 4/23
  1527 | D        | Learned a level 5 spell: Fireball
  1616 | D        | Offered knowledge of Sticky Flame by Vehumet.
  1639 | D        | Learned a level 4 spell: Sticky Flame
  1756 | D        | Noticed an orc sorcerer
  1758 | D        | Noticed a hellwing
  1760 | D        | Killed an orc sorcerer
  1855 | D        | Bought a +0 cloak for 49 gold pieces
  1878 | D        | Noticed a two-headed ogre
  1884 | D        | Killed a two-headed ogre
  1884 | D        | Reached skill level 10 in Fighting
  1923 | D        | Killed a yaktaur
  1981 | D        | Noticed a two-headed ogre
  1981 | D        | Noticed Erolcha
  1993 | D        | Killed a two-headed ogre
  1998 | D        | Killed Erolcha
  1998 | D        | Reached XP level 10. HP: 86/96 MP: 11/24
  2047 | D        | Offered knowledge of Lee's Rapid Deconstruction by Vehumet.
  2114 | D        | Reached ****** piety under Vehumet
  2114 | D        | Reached skill level 11 in Spellcasting
  2184 | D        | Reached skill level 12 in Spellcasting
  2186 | D        | Reached skill level 13 in Spellcasting
  2331 | D        | Learned a level 5 spell: Lee's Rapid Deconstruction
  2333 | D        | Noticed a deep elf mage
  2333 | D        | Noticed a deep elf knight
  2333 | D        | Noticed a deep elf knight
  2333 | D        | Noticed a deep elf mage
  2333 | D        | Noticed a deep elf mage
  2337 | D        | Killed a deep elf mage
  2338 | D        | Killed a deep elf knight
  2338 | D        | Offered knowledge of Bolt of Fire by Vehumet.
  2339 | D        | Killed a deep elf mage
  2339 | D        | Reached skill level 14 in Spellcasting
  2339 | D        | Reached skill level 5 in Earth Magic
  2339 | D        | Reached XP level 11. HP: 73/102 MP: 16/29
  2344 | D        | Killed a deep elf mage
  2345 | D        | Killed a deep elf knight
  2394 | D        | Noticed a deep elf annihilator
  2395 | D        | Noticed a deep elf annihilator
  2418 | D        | Learned a level 6 spell: Bolt of Fire
  2467 | D        | Offered knowledge of Orb of Destruction by Vehumet.
  2467 | D        | Reached skill level 10 in Fire Magic
  2597 | D        | Reached skill level 15 in Spellcasting
  2771 | D        | Offered knowledge of Ozocubu's Refrigeration by Vehumet.
  2771 | D        | Reached skill level 16 in Spellcasting
  2996 | D        | Noticed a lindwurm
  3003 | D        | Killed a lindwurm
  3168 | D        | Noticed Gastronok
  3170 | D        | Noticed a dire elephant
  3427 | D        | Noticed a dire elephant
  3436 | D        | Killed Gastronok
  3442 | D        | Killed a dire elephant
  3468 | D        | Noticed Rupert
  3585 | D        | Reached XP level 12. HP: 85/110 MP: 28/32
  3782 | D        | Noticed Urug
  3787 | D        | Killed Urug
  3787 | D        | Offered knowledge of Poison Arrow by Vehumet.
  3797 | D        | Learned a level 6 spell: Poison Arrow
  3877 | D        | Noticed a five-headed hydra
  3878 | D        | Noticed a four-headed hydra
  3881 | D        | Killed a four-headed hydra
  3881 | D        | Reached skill level 17 in Spellcasting
  3884 | D        | Killed a five-headed hydra
  4145 | D        | Found a blossoming altar of Fedhas.
  4147 | D        | Reached skill level 5 in Poison Magic
  4234 | D        | Noticed an azure jelly
  4235 | D        | Noticed an azure jelly
  4235 | D        | Noticed an azure jelly
  4237 | D        | Noticed an azure jelly
  4265 | D        | Mangled by Rupert

Levels and vault maps discovered:
D:        dungeon_sprint_mu [sprint_mu_entry_forest, sprint_mu_temple_rooms,
          sprint_mu_d1_spiders, sprint_mu_d2_genie, sprint_mu_d3_branching,
          sprint_mu_orc_legion, sprint_mu_elf_gauntlet, sprint_mu_hive_nellie,
          sprint_mu_lair_fedhas, sprint_mu_vaults_butterflies,
          sprint_mu_slime_circle, sprint_mu_swamp_cave, sprint_mu_snake_twists,
          sprint_mu_blade_basic, sprint_mu_crypt_fortress,
          sprint_mu_tomb_spiral, sprint_mu_vestibule_basic,
          sprint_mu_gehenna_hellfire, sprint_mu_dis_giant,
          sprint_mu_tartarus_statrot, sprint_mu_cocytus_islands, sprint_mu_zot1]

Skill      XL: |  1  2  3  4  5  6  7  8  9 10 11 12 |
---------------+-------------------------------------+-----
Spellcasting   | 4 5 7 8 10 14 16 17 | 17.6
Conjurations   | 5 6 7 9 10 12 | 12.2
Hexes          | 1 3 |  3.2
Evocations     | 5 |  5.8
Fighting       | 4 8 11 | 11.3
Dodging        | 4 7 9 |  9.9
Translocations | 4 5 |  5.1
Fire Magic     | 4 9 11 | 11.7
Earth Magic    | 5 9 |  9.2
Poison Magic   | 5 |  5.8
Stealth        | |  1.7

Action                   |  1- 3 |  4- 6 |  7- 9 | 10-12 || total
-------------------------+-------+-------+-------+-------++-------
Melee: Unarmed           |     6 |    13 |       |       ||    19
       Tailslap          |       |     1 |     1 |     2 ||     4
       Long sword        |       |       |     6 |     5 ||    11
 Cast: Magic Dart        |    10 |     9 |    28 |     5 ||    52
       Searing Ray       |     3 |     1 |    23 |    18 ||    45
       Dazzling Spray    |       |     1 |     1 |     5 ||     7
       Iskenderun's Myst |       |     7 |     6 |     1 ||    14
       Gell's Gravitas   |       |       |     8 |    19 ||    27
       Conjure Flame     |       |       |     3 |     2 ||     5
       Fireball          |       |       |     6 |    19 ||    25
       Sticky Flame      |       |       |     2 |    13 ||    15
       Bolt of Fire      |       |       |       |    14 ||    14
       Lee's Rapid Decon |       |       |       |     5 ||     5
       Blink             |       |       |       |     7 ||     7
       Poison Arrow      |       |       |       |     5 ||     5
 Abil: Breathe Fire      |       |       |     7 |     3 ||    10
Evoke: Wand              |       |       |     1 |     3 ||     4
  Use: Potion            |       |     1 |     1 |     2 ||     4
       Scroll            |       |       |       |     1 ||     1
  Eat: Ration            |       |       |     1 |     3 ||     4
       Chunk             |       |       |     3 |     6 ||     9
Armor: Skin              |     3 |     2 |     1 |    11 ||    17
Dodge: Dodged            |     5 |     5 |    25 |    81 ||   116
       Rpst.: Long sword |       |       |     8 |    26 ||    34

Table legend:
 A = Non-vault XP
 B = Vault XP
 C = Vault XP percentage of total XP
 D = Non-vault monster count
 E = Vault monster count
 F = Vault count percentage of total count
                 A         B        C        D         E       F
            +---------+---------+-------+---------+---------+-------
      Total |       0 |   26634 | 100.0 |       0 |     111 | 100.0
            +---------+---------+-------+---------+---------+-------
          D |       0 |   26634 | 100.0 |       0 |     111 | 100.0
            +---------+---------+-------+---------+---------+-------
